 Dungeon Crawl Stone Soup version 0.26-a0-812-g31a745ddcd (webtiles) character file.

Game seed: 6864886334125202046

133506 MalarOregon the Peltast (level 16, -2/144 HPs)
             Began as a Green Draconian Fighter on Nov 25, 2020.
             Was the Champion of the Shining One.
             Slain by an emperor scorpion (18 damage)
             ... on level 3 of the Spider Nest.
             The game lasted 01:06:24 (38989 turns).

MalarOregon the Peltast (Green Draconian Fighter)  Turns: 38989, Time: 01:06:24

Health: -2/144     AC: 17    Str: 26    XL:     16   Next: 60%
Magic:  20/20      EV: 18    Int:  8    God:    the Shining One [******]
Gold:   461        SH: 20    Dex: 11    Spells: 15/15 levels left

rFire    + + +     SeeInvis .   F - +6 morningstar (vorpal)
rCold    . . .     Faith    .   I - +5 kite shield "Sonk" {rF++}
rNeg     + + +     Spirit   .   (armour unavailable)
rPois    +         Reflect  .   (helmet restricted)
rElec    .         Harm     .   R - +2 cloak {rF+}
rCorr    +         Rampage  .   P - +1 pair of gloves
MR       ++...                  r - +2 pair of boots
Stlth    +.........             b - amulet of the acrobat
HPRegen  0.34/turn              l - ring of protection from magic
MPRegen  0.17/turn              N - ring of resist corrosion

@: short of breath, glowing, studying Shields
A: breathe noxious fumes, unfitting armour, stinger 1, poison resistance,
cold-blooded, AC +9
a: Breathe Noxious Fumes, Divine Shield, Cleansing Flame, Summon Divine Warrior,
Brand Weapon With Holy Wrath, Renounce Religion


You were on level 3 of the Spider Nest.
You worshipped the Shining One.
The Shining One was exalted by your worship.
You visited 5 branches of the dungeon, and saw 27 of its levels.
You also visited: Bailey, Ice Cave and Volcano.

You collected 3055 gold pieces.
You spent 2594 gold pieces at shops.

Inventory:

Hand Weapons
 x - the +9 flail of Beyond {flame, rPois Str-3 Dex+3}
   (You bought it in a shop on level 2 of the Orcish Mines)

   It has been specially enchanted to burn those struck by it, causing extra
   injury to most foes and up to half again as much damage against particularly
   susceptible opponents.
   It affects your strength (-3).
   It affects your dexterity (+3).
   It protects you from poison.
 F - a +6 vorpal morningstar (weapon)
   (You found it on level 9 of the Dungeon)
 Q - a +1 whip of flaming
   (You took it off Pikel on level 6 of the Dungeon)
Missiles
 e - 9 javelins
 m - 187 poisoned darts
 p - 71 boomerangs (quivered)
 C - 2 boomerangs of dispersal {!f}
 D - 2 atropa-tipped darts
 L - 22 curare-tipped darts {!f}
Armour
 r - a +2 pair of boots (worn)
   (You found it on level 7 of the Dungeon)
 I - the +5 kite shield "Sonk" (worn) {rF++}
   (You found it on level 10 of the Dungeon)

   It greatly protects you from fire.
 P - a +1 pair of gloves (worn)
   (You found it on level 4 of the Lair of Beasts)
 R - a +2 cloak of fire resistance (worn)
   (You found it in a volcano)
Jewellery
 b - an amulet of the acrobat (around neck)
   (You took it off a centaur on level 10 of the Dungeon)
 g - an uncursed ring of fire
   (You found it on level 6 of the Dungeon)
 k - an uncursed ring of protection from fire {unknown}
   (You found it on level 1 of the Spider Nest)
 l - a ring of protection from magic (left hand)
   (You found it on level 12 of the Dungeon)
 N - a ring of resist corrosion (right hand)
   (You found it on level 3 of the Lair of Beasts)
Wands
 c - a wand of disintegration (23)
   (You found it on level 7 of the Dungeon)
 d - a wand of iceblast (57)
   (You found it on level 5 of the Dungeon)
 t - a wand of flame (14)
   (You found it on level 12 of the Dungeon)
 u - a wand of paralysis (8)
   (You found it on level 5 of the Lair of Beasts)
 v - a wand of digging (17)
   (You found it on level 4 of the Lair of Beasts)
 K - a wand of polymorph (16)
   (You found it on level 1 of the Lair of Beasts)
Scrolls
 h - 12 scrolls of fog
 i - 8 scrolls of teleportation {@r4}
 o - 6 scrolls of amnesia
 w - 6 scrolls of remove curse {@r2}
 z - 10 scrolls of identify {@r1}
 O - 6 scrolls of blinking
 U - 6 scrolls of fear
 V - 6 scrolls of magic mapping
 W - 3 scrolls of immolation {!r}
 Z - 2 scrolls of holy word
Potions
 f - 5 potions of mutation {!q}
 j - 2 potions of resistance
 n - a potion of heal wounds {@q2}
 q - 3 potions of magic
 s - 6 potions of flight
 A - a potion of cancellation
 B - 3 potions of haste {@q3}
 E - 3 potions of curing {@q1}
 S - 2 potions of berserk rage
 T - a potion of lignification {!q}
Books
 a - a manual of Shields {!d}
   (You acquired it on level 1 of the Orcish Mines)
Miscellaneous
 y - a phial of floods
   (You found it on level 2 of the Spider Nest)
 G - a condenser vane
   (You found it on level 9 of the Dungeon)
 J - a box of beasts
   (You found it on level 10 of the Dungeon)


   Skills:
 + Level 13.6 Fighting
 + Level 14.3 Maces & Flails
 + Level 11.2 Throwing
 + Level 11.6 Dodging
 * Level 16.3 Shields
 * Level 5.6 Invocations


You had 15 spell levels left.
You didn't know any spells.
Your spell library contained the following spells:

 Spells                   Type           Power        Failure   Level
 Beastly Appendage        Tmut           #.....       41%         1
 Corona                   Hex            #......      41%         1
 Freeze                   Ice            #...         41%         1
 Magic Dart               Conj           #...         41%         1
 Sandblast                Erth           #.....       41%         1
 Shock                    Conj/Air       #...         41%         1
 Blink                    Tloc           N/A          54%         2
 Call Imp                 Summ           #.......     54%         2
 Ensorcelled Hibernation  Hex/Ice        #.....       54%         2
 Passwall                 Tmut/Erth      #.......     54%         2
 Slow                     Hex            #.......     54%         2
 Swiftness                Air            #.......     54%         2
 Wereblood                Tmut           #.......     54%         2
 Confusing Touch          Hex            #.......     78%         3
 Conjure Flame            Conj/Fire      #.......     78%         3
 Dazzling Flash           Conj/Hex       #.....       78%         3
 Frozen Ramparts          Ice            #.....       78%         3
 Inner Flame              Hex/Fire       #.......     78%         3
 Mephitic Cloud           Conj/Pois/Air  #.......     78%         3
 Ozocubu's Armour         Ice            #.......     78%         3
 Portal Projectile        Hex/Tloc       #.....       78%         3
 Spider Form              Tmut/Pois      #.........   78%         3
 Static Discharge         Conj/Air       #.......     78%         3
 Stone Arrow              Conj/Erth      #.....       78%         3
 Tukima's Dance           Hex            #.......     78%         3
 Airstrike                Air            #.........   99%         4
 Cause Fear               Hex            #.........   99%         4
 Hailstorm                Conj/Ice       #.......     99%         4
 Ice Form                 Ice/Tmut       #.......     99%         4
 Leda's Liquefaction      Hex/Erth       #.........   99%         4
 Passage of Golubria      Tloc           N/A          99%         4
 Petrify                  Tmut/Erth      #.......     99%         4
 Summon Ice Beast         Ice/Summ       #.......     99%         4
 Blade Hands              Tmut           #.........   100%        5
 Bolt of Magma            Conj/Fire/Erth #.........   100%        5
 Borgnjor's Vile Clutch   Necr/Erth      #.........   100%        5
 Irradiate                Conj/Tmut      #.........   100%        5
 Iskenderun's Battlesphe  Conj           #.......     100%        5
 Lee's Rapid Deconstruct  Erth           #.........   100%        5
 Lightning Bolt           Conj/Air       #.........   100%        5
 Metabolic Englaciation   Hex/Ice        #.........   100%        5
 Freezing Cloud           Conj/Ice/Air   #.........   100%        6
 Hydra Form               Tmut           #.........   100%        6
 Invisibility             Hex            #.......     100%        6
 Iron Shot                Conj/Erth      #.........   100%        6
 Ozocubu's Refrigeration  Ice            #.........   100%        6
 Simulacrum               Ice/Necr       #.........   100%        6
 Statue Form              Tmut/Erth      #........    100%        6
 Dragon Form              Tmut           #.........   100%        7
 Orb of Destruction       Conj           #.........   100%        7
 Spellforged Servitor     Conj/Summ      #.........   100%        7


Dungeon Overview and Level Annotations

Branches:
Dungeon (15/15)            Temple (1/1) D:6            Lair (6/6) D:9
  Swamp (0/4) Lair:2       Spider (3/4) Lair:3        Slime (0/5) Lair:6
    Orc (2/2) D:10            Elf (0/3) Orc:2        Vaults (0/5) D:13
 Depths (0/5) D:15         Bailey (visited)           IceCv (visited)
Volcano (visited)

Altars:
Ashenzari
Cheibriados
Dithmenos
Elyvilon
Fedhas
Gozag
Hepliaklqana
Kikubaaqudgha
Makhleb
Nemelex Xobeh
Okawaru
Qazlal
Ru
Sif Muna
Trog
Uskayaw
Vehumet
Wu Jian
Xom
Yredelemnul
Zin
The Shining One
Beogh

Shops:
D:9 *   D:13 *   Orc:2 [(=*

Annotations:
Lair:3 2 transporters, Bathrag's ghost, journeyman DsWn
Spider:2 Nikola


Innate Abilities, Weirdness & Mutations

You can breathe blasts of noxious fumes.
Your lurid green scales are hard. (AC +9)
You cannot fit into any form of body armour.
Your tail ends in a poisonous barb.
Your system is resistant to poisons. (rPois)
You are cold-blooded and may be slowed by cold attacks.


Message History

You block the redback's attack.
You completely miss the emperor scorpion.
The emperor scorpion stings you!
* * * LOW HITPOINT WARNING * * *
You block the emperor scorpion's attack.
The emperor scorpion closely misses you.
The redback barely misses you.
You barely miss the emperor scorpion. You tail-slap the emperor scorpion!
You block the redback's attack.
You block the emperor scorpion's attack.
The emperor scorpion closely misses you.
The emperor scorpion claws you but does no damage.
You hit the emperor scorpion. You block the redback's attack.
You block the emperor scorpion's attack.
The emperor scorpion claws you but does no damage.
The emperor scorpion claws you.
* * * LOW HITPOINT WARNING * * *
The redback barely misses you. The redback completely misses you.
The emperor scorpion closely misses you.
The emperor scorpion completely misses you.
You block the emperor scorpion's attack.
You block the redback's attack.
Okay, then.
You block the redback's attack.
Aim: an emperor scorpion (haloed)
You exhale a blast of noxious fumes.
The blast of choking fumes hits the redback!
The blast of choking fumes hits the emperor scorpion.
The emperor scorpion completely resists.
The redback is engulfed in noxious fumes.
You block the redback's attack.
You hit the emperor scorpion but do no damage.
You tail-slap the emperor scorpion, but do no damage.
The redback is engulfed in noxious fumes.
The redback appears confused.
You block the redback's attack.
You bludgeon the redback!!
You kill the redback!
The emperor scorpion closely misses you. x2
You block the emperor scorpion's attack.
You completely miss the emperor scorpion.
You block the emperor scorpion's attack.
The emperor scorpion misses you. The emperor scorpion claws you.
* * * LOW HITPOINT WARNING * * *
You puncture the emperor scorpion!
You block the emperor scorpion's attack. x3
The emperor scorpion stings you!
* * * LOW HITPOINT WARNING * * *
The emperor scorpion claws you but does no damage. x2
You impale the emperor scorpion!! The emperor scorpion stings you!!
You die...

....... ##...^.
#....^ ##....
#.... ##...## #
## #..s.^#
..#..##.s@.#
.....#°°#.##
........###
..........#
.......<.#≈#
.^......≈≈.....
.......≈≈.....$
...##≈≈≈≈.#...^
..# #≈≈≈≈#≈#...


You could see 2 emperor scorpions.

Vanquished Creatures
  Asterion (Spider:1)
  Frances (Spider:2)
  Kirke (Spider:2)
  A ghost moth (Spider:1)
  An orc warlord (Orc:2)
  A very ugly thing (D:15)
  A stone giant (Volcano)
  The ghost of Arthanis the Severer, a journeyman GrBe of Trog (D:13)
  The ghost of Lanoc the Devastator, a journeyman DrFE of Vehumet (D:14)
  A spark wasp (Spider:2)
  The ghost of Realifif the Fighter, a journeyman MiFi of Makhleb (D:14)
  An ogre mage (D:15)
  A vault guard (D:13)
  5 hydras
  Harold (D:7)
  A boulder beetle (D:13)
  A centaur warrior (D:15)
  A death knight (D:15)
  13 death yaks
  8 two-headed ogres
  2 orc high priests (Orc:2)
  Urug (Orc:2)
  Nergalle (D:11)
  3 skeletal warriors (D:14)
  A glowing orange brain (D:15)
  An unseen horror (D:13)
  4 orc knights
  A bog body (Lair:2)
  An obsidian statue (Volcano)
  A wolf spider zombie (D:15)
  Pikel (D:6)
  A necromancer (IceCv)
  5 orb spiders
  A mana viper (shapeshifter) (D:15)
  5 oklob plants
  A harpy (shapeshifter) (D:15)
  11 ugly things
  7 wolf spiders
  3 cyclopes
  6 orc sorcerers
  3 manticores (D:14)
  A moth of wrath (Spider:2)
  A black mamba (shapeshifter) (D:15)
  16 elephants
  An ice statue (IceCv)
  4 black mambas
  Joseph (D:7)
  2 guardian serpents (D:10)
  A torpor snail (shapeshifter) (D:15)
  3 torpor snails (Spider:2)
  Psyche (D:8)
  9 centaur skeletons
  Maggie (D:9)
  7 rime drakes
  8 cane toads
  A kobold demonologist (D:12)
  A rime drake (shapeshifter) (D:15)
  3 efreet
  15 demonic crawlers
  10 freezing wraiths
  12 komodo dragons
  A troll (D:12)
  6 polar bears
  15 jumping spiders
  6 hornets
  3 meliai (D:15)
  9 slime creatures
  17 blink frogs
  2 dream sheep (Lair:6)
  A vampire (D:13)
  A shadow (D:13)
  13 spriggans (Lair:6)
  54 yaks
  8 tarantellas
  14 redbacks
  Grum (D:8)
  3 fire elementals (Volcano)
  5 wyverns
  A hog (shapeshifter) (D:15)
  A wraith (D:11)
  7 fire bats
  A hog (Spider:1)
  A steam dragon (D:11)
  A basilisk (D:12)
  3 vampire mosquitoes (D:15)
  3 wargs (D:9)
  Menkaure (D:4)
  2 soldier ants
  An acid dragon (D:11)
  11 water moccasins
  6 phantoms
  10 ice beasts
  29 orc warriors
  6 black bears
  An eye of draining (shapeshifter) (D:15)
  16 ogres
  4 sky beasts
  A necrophage (D:14)
  8 boggarts
  28 wolves
  6 centaurs
  3 big kobolds
  21 bullfrogs
  2 gnoll sergeants
  A wyvern zombie (D:9)
  2 scorpions
  A water moccasin skeleton (D:6)
  15 killer bees
  5 wights (D:13)
  7 electric eels
  6 howler monkeys
  6 centaur zombies
  7 lava snakes (Volcano)
  2 bullfrog zombies
  2 bullfrog skeletons
  4 draconian simulacra (IceCv)
  7 hounds
  19 orc priests
  An iron imp (D:6)
  9 jellies
  20 orc wizards
  5 iguanas
  7 worker ants
  2 polar bear simulacra (IceCv)
  2 troll simulacra (IceCv)
  A spriggan simulacrum (IceCv)
  2 wolf simulacra (IceCv)
  5 centaur simulacra (IceCv)
  2 hound zombies (D:6)
  2 hound skeletons
  2 worker ant zombies
  A howler monkey zombie (D:9)
  13 gnolls
  10 adders
  3 naga simulacra (IceCv)
  5 ogre simulacra (IceCv)
  2 shadow imps
  26 white imps
  2 ufetubi
  14 oozes
  2 adder skeletons
  A worm (D:4)
  2 dart slugs
  6 leopard geckos
  64 orcs
  9 giant cockroaches
  10 goblins
  3 hobgoblins
  16 jackals
  7 quokkas
  A ball python (D:2)
  A ball python skeleton (D:3)
  3 bats
  4 frilled lizards
  30 kobolds
  A quokka skeleton (D:4)
  4 rats
  2 bushes (Lair:1)
920 creatures vanquished.

Vanquished Creatures (collateral kills)
  A freezing wraith (IceCv)
  A white imp (IceCv)
2 creatures vanquished.

Vanquished Creatures (others)
  A tarantella (Spider:2)
  6 humans (Spider:2)
  A white imp (IceCv)
  59 fungi
  59 plants
126 creatures vanquished.

Grand Total: 1048 creatures vanquished

Notes
Turn   | Place    | Note
-------+----------+-------------------------------------------
     0 | D:1      | MalarOregon the Draconian Fighter began the quest for the
                  | Orb.
     0 | D:1      | Reached XP level 1. HP: 19/19 MP: 1/1
   511 | D:2      | Reached XP level 2. HP: 26/26 MP: 2/2
   701 | D:2      | Found a shimmering blue altar of Sif Muna.
   893 | D:2      | Reached XP level 3. HP: 31/31 MP: 3/3
  1697 | D:3      | Reached XP level 4. HP: 29/38 MP: 4/4
  1760 | D:3      | Reached skill level 1 in Throwing
  2319 | D:3      | Reached skill level 4 in Shields
  2950 | D:4      | Reached XP level 5. HP: 42/46 MP: 5/5
  3422 | D:4      | Reached XP level 6. HP: 52/52 MP: 6/6
  3467 | D:4      | Noticed Menkaure
  3472 | D:4      | Killed Menkaure
  3904 | D:5      | Entered Level 5 of the Dungeon
  3943 | D:5      | Reached skill level 5 in Shields
  3943 | D:5      | Your scales start taking on a lurid green colour.
  3943 | D:5      | Reached XP level 7. HP: 60/60 MP: 7/7
  3943 | D:5      | Gained mutation: Your system is resistant to poisons.
                  | (rPois) [Green Draconian growth]
  3983 | D:5      | Found a glowing golden altar of the Shining One.
  4276 | D:5      | Became a worshipper of the Shining One
  4589 | D:5      | Found an iron altar of Okawaru.
  4740 | D:5      | Reached skill level 5 in Maces & Flails
  4746 | D:5      | HP: 3/60 [bullfrog zombie (3)]
  5335 | D:5      | Reached skill level 5 in Fighting
  5335 | D:5      | Reached XP level 8. HP: 68/68 MP: 8/8
  5778 | D:6      | Found a hide-covered altar of Uskayaw.
  5855 | D:6      | Reached skill level 6 in Shields
  5877 | D:6      | Reached * piety under the Shining One
  5894 | D:6      | Found a staircase to the Ecumenical Temple.
  6196 | D:6      | Found a snail-covered altar of Cheibriados.
  6791 | Temple   | Entered the Ecumenical Temple
  6888 | D:7      | Noticed Pikel
  6910 | D:6      | Killed Pikel
  6910 | D:6      | Reached skill level 7 in Shields
  6910 | D:6      | Reached XP level 9. HP: 56/75 MP: 9/9
  6983 | D:7      | Found a flagged portal.
  6984 | D:7      | Noticed Joseph
  7014 | D:7      | Killed Joseph
  7014 | D:7      | Reached skill level 5 in Dodging
  7243 | Bailey   | Entered a bailey
  7298 | Bailey   | Identified the +4 quarterstaff of the Harvest {spect, rF+
                  | Str+3 Dex+3}
  7302 | Bailey   | Identified the +4 quarterstaff of the Harvest {spect, rF+
                  | Str+3 Dex+3}
  7302 | Bailey   | Noticed an orc knight
  7448 | Bailey   | HP: 1/75 [spectral weapon/the +4 quarterstaff of the
                  | Harvest {spect, rF+ Str+3 Dex+3}[an orc knight] (6)]
  7450 | Bailey   | Killed an orc knight
  7769 | Bailey   | Found a bloodstained altar of Trog.
  8563 | D:7      | Noticed Harold
  8644 | D:7      | Killed Harold
  8644 | D:7      | Reached skill level 8 in Shields
  8644 | D:7      | Reached XP level 10. HP: 75/84 MP: 10/10
  8909 | D:7      | Found a burning altar of Makhleb.
  8909 | D:7      | Found a glowing silver altar of Zin.
  8910 | D:7      | Noticed an angel
  8910 | D:7      | Noticed a cacodemon
  9324 | D:8      | Found a basalt altar of Yredelemnul.
  9433 | D:8      | Noticed Psyche
  9450 | D:8      | Killed Psyche
  9450 | D:8      | Reached skill level 5 in Throwing
  9595 | D:8      | Found an opulent altar of Gozag.
  9628 | D:8      | Noticed Grum
  9638 | D:8      | Killed Grum
 10166 | D:9      | Found Kecem's Assorted Antiques.
 10177 | D:9      | Bought a wand of iceblast (9) for 96 gold pieces
 10177 | D:9      | Bought a scroll of identify for 48 gold pieces
 10177 | D:9      | Bought a scroll labelled CUMOWAE HALEN for 24 gold pieces
 10177 | D:9      | Bought a scroll of magic mapping for 84 gold pieces
 10177 | D:9      | Bought a transparent bone amulet for 120 gold pieces
 10183 | D:9      | Identified the amulet of Xaar {Inacc rPois rF- rN+++ MR+}
                  | (You bought it in a shop on level 9 of the Dungeon)
 10236 | D:9      | Reached ** piety under the Shining One
 10244 | D:9      | Reached skill level 9 in Shields
 10269 | D:9      | Found a staircase to the Lair.
 10992 | D:9      | Noticed Maggie
 10998 | D:9      | Killed Maggie
 11182 | D:10     | Entered Level 10 of the Dungeon
 11186 | D:10     | Reached *** piety under the Shining One
 11251 | D:9      | HP: 4/88 [yak (6)]
 11740 | D:9      | Found Kecem's Assorted Antiques.
 11787 | D:9      | Found a staircase to the Lair.
 12075 | D:10     | Found a staircase to the Orcish Mines.
 12114 | D:10     | Reached XP level 11. HP: 94/94 MP: 11/11
 12452 | D:10     | Got a jewelled kite shield
 12493 | D:10     | Identified the +5 kite shield "Sonk" {rF++} (You found it
                  | on level 10 of the Dungeon)
 12625 | D:10     | Noticed a two-headed ogre
 12632 | D:10     | Killed a two-headed ogre
 12632 | D:10     | Reached skill level 10 in Shields
 12828 | D:10     | Found a broken altar of Ashenzari.
 13265 | Lair:1   | Entered Level 1 of the Lair of Beasts
 13564 | Lair:1   | Noticed a four-headed hydra
 13580 | Lair:1   | Killed a four-headed hydra
 13580 | Lair:1   | Reached skill level 10 in Maces & Flails
 13679 | Lair:1   | Noticed an oklob plant
 14172 | Lair:1   | You fall into a shaft and drop 1 floor!
 15460 | Lair:1   | Killed an oklob plant
 15861 | Lair:2   | Reached XP level 12. HP: 52/104 MP: 12/12
 15869 | Lair:2   | Reached skill level 11 in Shields
 16198 | Lair:2   | Reached **** piety under the Shining One
 16540 | Lair:2   | Found a staircase to the Swamp.
 17317 | Lair:3   | Found a transporter.
 17319 | Lair:3   | Identified the +9 spear "Wasoweuw" {antimagic, Int+3}
 17320 | Lair:3   | Identified the +8 spear of Fragile Peace {antimagic,
                  | *Corrode +Fly rC+}
 17327 | Lair:3   | Identified the +2 morningstar of Extermination {flame,
                  | *Corrode rF+++ Str+6 Dex-5}
 17327 | Lair:3   | Noticed Bathrag's ghost (journeyman DsWn)
 17330 | Lair:3   | Found a bloodstained altar of Trog.
 17336 | Lair:3   | Found a transporter.
 17387 | Lair:3   | Found a hole to the Spider Nest.
 17596 | Lair:3   | Found a radiant altar of Vehumet.
 17892 | Lair:4   | Found a dark tunnel.
 17905 | Volcano  | Entered a volcano
 18296 | Volcano  | Noticed a stone giant
 18297 | Volcano  | Found a radiant altar of Vehumet.
 18319 | Volcano  | Killed a stone giant
 18319 | Volcano  | Reached skill level 12 in Shields
 18847 | Lair:4   | Reached XP level 13. HP: 97/113 MP: 13/13
 18856 | Lair:4   | Reached skill level 10 in Fighting
 19197 | Lair:4   | Got a polished rapier
 20025 | Lair:5   | Reached ***** piety under the Shining One
 20036 | Lair:5   | Found a frozen archway.
 20096 | IceCv    | Entered an ice cave
 20639 | IceCv    | Found an ancient bone altar of Kikubaaqudgha.
 20656 | IceCv    | Reached ****** piety under the Shining One
 20660 | IceCv    | HP: 1/114 [freezing wraith (5)]
 21575 | Lair:5   | Reached skill level 13 in Shields
 22751 | Lair:6   | Entered Level 6 of the Lair of Beasts
 22901 | Lair:5   | Gained mutation: Your tail ends in a poisonous barb. [Green
                  | Draconian growth]
 22901 | Lair:5   | Reached XP level 14. HP: 120/122 MP: 14/14
 24161 | Lair:6   | Identified the Catalogue of Frigorific Stones
 24519 | Lair:6   | Found a staircase to the Slime Pits.
 25056 | D:9      | Identified the cursed +1 rapier "Effoiv" {freeze, rElec
                  | Int+2} (You found it on level 4 of the Lair of Beasts)
 25596 | D:11     | Noticed Sonja
 25597 | D:11     | Noticed Sonja
 25597 | D:11     | Sonja changed into Sonja the fire bat
 25600 | D:11     | Killed Sonja the fire bat
 25911 | D:11     | Reached skill level 14 in Shields
 26138 | D:11     | Noticed Nergalle
 26150 | D:11     | Killed Nergalle
 27572 | D:13     | Reached skill level 10 in Dodging
 27628 | D:13     | Reached XP level 15. HP: 132/132 MP: 15/15
 28041 | D:13     | Found a gate to the Vaults.
 28130 | D:13     | Found Xucey's Island Escapes.
 28308 | D:13     | Bought a wand of digging (3) for 196 gold pieces
 28308 | D:13     | Bought a scroll of fog for 28 gold pieces
 28308 | D:13     | Bought a scroll of blinking for 105 gold pieces
 28308 | D:13     | Bought an uncursed ring of flight for 245 gold pieces
 29481 | D:14     | Found a runed translucent gate.
 29481 | D:14     | Found a runed translucent gate.
 29481 | D:14     | Noticed Realifif's ghost (journeyman MiFi)
 29481 | D:14     | Noticed Arthanis's ghost (journeyman GrBe)
 29482 | D:14     | Found a runed translucent gate.
 29482 | D:14     | Noticed Lanoc's ghost (journeyman DrFE)
 29792 | D:14     | Killed Lanoc's ghost
 29792 | D:14     | Reached skill level 10 in Throwing
 30228 | D:13     | Killed Arthanis's ghost
 30228 | D:13     | Reached skill level 15 in Shields
 30258 | D:14     | Killed Realifif's ghost
 30627 | D:15     | Entered Level 15 of the Dungeon
 32231 | D:15     | Found a staircase to the Depths.
 32481 | D:15     | Identified the +4 hunting sling of Kenauc {flame, +Blink
                  | rElec}
 32809 | Orc:1    | Entered Level 1 of the Orcish Mines
 32812 | Orc:1    | Found Lefag's Magic Scroll Shoppe.
 32849 | Orc:1    | Bought a scroll of remove curse for 36 gold pieces
 32849 | Orc:1    | Bought a scroll of identify for 24 gold pieces
 32849 | Orc:1    | Bought a scroll of fear for 42 gold pieces
 32849 | Orc:1    | Bought a scroll of acquirement for 624 gold pieces
 32849 | Orc:1    | Bought a scroll of identify for 24 gold pieces
 32849 | Orc:1    | Bought a scroll of teleportation for 36 gold pieces
 32849 | Orc:1    | Bought a scroll of teleportation for 36 gold pieces
 32849 | Orc:1    | Bought a scroll of identify for 24 gold pieces
 32849 | Orc:1    | Bought a scroll of identify for 24 gold pieces
 32868 | Orc:1    | Bought a scroll of fog for 24 gold pieces
 32887 | Orc:1    | Bought a scroll of fog for 24 gold pieces
 32921 | Orc:1    | Bought a scroll of teleportation for 36 gold pieces
 32982 | Orc:1    | Bought a scroll of remove curse for 36 gold pieces
 33052 | Orc:1    | Acquired a manual of Shields
 33055 | Orc:2    | Entered Level 2 of the Orcish Mines
 33329 | Orc:2    | Reached skill level 1 in Invocations
 33345 | Orc:2    | Noticed Urug
 33350 | Orc:2    | Noticed an orc warlord
 33383 | Orc:2    | Killed an orc warlord
 33389 | Orc:2    | Killed Urug
 33397 | Orc:2    | Reached XP level 16. HP: 23/144 MP: 17/17
 33774 | Orc:2    | Found a roughly hewn altar of Beogh.
 33809 | Orc:2    | Found Ben Kuum's General Store.
 33921 | Orc:2    | Bought a potion of haste for 150 gold pieces
 33921 | Orc:2    | Bought a scroll of teleportation for 45 gold pieces
 33921 | Orc:2    | Bought a scroll of enchant armour for 112 gold pieces
 33940 | Orc:2    | Found a staircase to the Elven Halls.
 34110 | Orc:2    | Found a roughly hewn altar of Beogh.
 34321 | Orc:2    | Found Bawecvugh's Jewellery Boutique.
 34359 | Orc:2    | Found Reilocvo's Antique Armour Boutique.
 34386 | Orc:2    | Found Uroladey's Antique Weapon Boutique.
 34549 | Orc:2    | Paralysed by an orc sorcerer for 5 turns
 34724 | Orc:2    | Bought a scorched flail for 306 gold pieces
 34724 | Orc:2    | Identified the +9 flail of Beyond {flame, rPois Str-3
                  | Dex+3} (You bought it in a shop on level 2 of the Orcish
                  | Mines)
 34998 | Orc:2    | Bought a potion of flight for 45 gold pieces
 35181 | Spider:1 | Entered Level 1 of the Spider Nest
 36340 | Spider:1 | Noticed Asterion
 36354 | Spider:1 | Killed Asterion
 37640 | Spider:2 | HP: 4/144 [demonic crawler (6)]
 38131 | Spider:2 | Noticed Frances
 38151 | Spider:2 | Killed Frances
 38151 | Spider:2 | Reached skill level 16 in Shields
 38157 | Spider:2 | Noticed Kirke
 38176 | Spider:2 | Killed Kirke
 38176 | Spider:2 | Reached skill level 5 in Invocations
 38389 | Spider:2 | The Shining One protects you from harm!
 38948 | Spider:2 | Noticed Nikola
 38989 | Spider:3 | Slain by an emperor scorpion

Illustrated notes

Levels and vault maps discovered:
D:1:      nzn_arrival_water_spiral, layout_rooms, minmay_misc_feat_rows
D:2:      layout_basic, lemuel_crystal_altar
D:3:      layout_loops_corners, ebering_dispersal_statue_hall,
          minmay_fractal_squares_diagonal_5
D:4:      layout_basic, uniq_menkaure
D:5:      cheibrodos_iron_armory, layout_loops_cross, okawaru_ov_weapons_minmay,
          lemuel_round_altar
D:6:      layout_rooms, marbit_many_paths, minmay_temple_entry_crystal_x,
          grunt_decor_arrowhead, chei_slow_surprise
D:7:      kennysheep_spiral_hall, layout_loops_corners,
          grunt_temple_overflow_order_and_chaos_2, enter_bailey_5, uniq_joseph,
          uniq_harold, uniq_pikel
D:8:      layout_loops_ring, nicolae_overflow_crystal_walls,
          nicolae_gozag_seed_capital, uniq_grum, uniq_psyche
D:9:      layout_basic, erik_lair_orcish_takeover, serial_shops, shop,
          uniq_maggie
D:10:     nrook_guardian_serpent_snake_passage, layout_basic,
          evilmike_ruin_ashenzari
D:11:     layout_irregular_city, kennysheep_generic_room_3, uniq_sonja,
          uniq_nergalle
D:12:     layout_long_grid, disabler_island
D:13:     layout_irregular_city, david_vaults_5, nicolae_island_escapes
D:14:     layout_loops_corners, minmay_splitting_lines,
          gammafunk_ghost_cemetery, minivault_10, hangedman_decor_riveting
D:15:     gammafunk_enter_depths_forms, layout_long_grid,
          hangedman_decor_points, moated_statue
Temple:   nicolae_temple_great_sept
Lair:1:   layout_roguey, minmay_lair_oklob_bushes, serial_bayou_ford_a,
          cheibrodos_lair_caveside_slide, grunt_megastairs_4,
          infiniplex_staircase_pool_2
Lair:2:   layout_small_grid, skrybe_swamp_entry_bodies
Lair:3:   layout_roguey, spider_nest_entry_webs,
          gammafunk_ghost_wrathful_warriors, basic_altar
Lair:4:   lemuel_slime, layout_regular_city, nicolae_volcano_entry_hallway,
          lemuel_fruit_fields, minmay_lair_oklob_chamber
Lair:5:   layout_cave_pods, portal_ice_cave_entry_imps, serial_bayou_shore_a
Lair:6:   minmay_lair_end_enchanted_forest, layout_long_grid,
          minmay_slime_entry_oklob_enclosed
Spider:1: layout_spider_delve, uniq_asterion
Spider:2: layout_spider_delve, worms_lemuel, hangedman_spider_tarantella_strand,
          uniq_nikola, uniq_kirke, uniq_frances
Spider:3: layout_spider_delve, uniq_arachne, uniq_jorgrun, uniq_azrael
Orc:1:    layout_caves, serial_shops, shop_scrolls
Orc:2:    grunt_orc_cross, layout_diamond_mine, nicolae_orc_stony_grotto,
          bh_open_orc_temple

Skill      XL: |  1  2  3  4  5  6  7  8  9 10 11 12 13 14 15 16 |
---------------+-------------------------------------------------+-----
Dodging        | 3 4 5 6 7 8 9 10 11 | 11.6
Throwing       | 1 2 3 4 5 6 7 8 9 10 11 | 11.2
Maces & Flails | 3 4 5 6 8 9 10 11 13 14 | 14.3
Shields        | 4 5 7 8 9 10 12 13 14 15 16 | 16.3
Fighting       | 4 5 6 7 9 10 11 13 | 13.6
Invocations    | 2 5 |  5.6

Action                   |  1- 3 |  4- 6 |  7- 9 | 10-12 | 13-15 | 16-18 || total
-------------------------+-------+-------+-------+-------+-------+-------++-------
Melee: Flail             |   113 |   148 |   293 |   159 |       |    22 ||   735
       Tailslap          |     7 |    16 |    32 |   135 |   293 |    57 ||   540
       Morningstar       |       |       |       |   505 |  1600 |   361 ||  2466
Throw: Dart              |    10 |     6 |    11 |    10 |       |    17 ||    54
       Stone             |       |     7 |       |       |       |       ||     7
       Javelin           |       |     2 |     8 |    11 |     9 |     5 ||    35
       Boomerang         |       |       |    24 |    18 |    37 |     8 ||    87
Invok: Cleansing Flame   |       |       |       |       |     1 |     3 ||     4
       Divine Shield     |       |       |       |       |       |     2 ||     2
 Abil: Breathe Noxious F |       |       |     8 |    14 |     5 |     3 ||    30
Evoke: Condenser vane    |       |       |       |     2 |     1 |       ||     3
       Wand              |       |       |       |       |    13 |       ||    13
       Box of beasts     |       |       |       |       |     1 |       ||     1
  Use: Scroll            |       |     6 |     9 |    10 |    21 |     2 ||    48
       Potion            |       |       |     7 |       |    11 |     5 ||    23
Armor: Skin              |    50 |    25 |    71 |    94 |   205 |   214 ||   659
Dodge: Dodged            |    78 |    62 |   124 |   212 |   596 |   438 ||  1510
Block: Kite shield       |    91 |    71 |   174 |   464 |  1313 |   556 ||  2669

Table legend: (Time is in decaauts)
 A = Elapsed time spent in this place.
 B = Non-inter-level travel time spent in this place.
 C = Inter-level travel time spent in this place.
 D = Time resting spent in this place.
 E = Time spent auto-exploring this place.
 F = Levels seen in this place.
 G = Mean time per level.
                   A        B        C        D        E       F      G
               +--------+--------+--------+--------+--------+-----+--------+
         Total |  38950 |  37107 |   1843 |   9393 |  21449 |  30 | 1298.3 |
       Dungeon |  20064 |  18909 |   1155 |   4061 |  11514 |  15 | 1337.6 |
        Temple |     78 |     66 |     12 |      0 |     65 |   1 |   78.0 |
          Lair |   9759 |   9362 |    397 |   2241 |   5717 |   6 | 1626.5 |
   Spider Nest |   3795 |   3744 |     51 |   1308 |   1886 |   3 | 1265.0 |
  Orcish Mines |   2209 |   1982 |    227 |    353 |   1245 |   2 | 1104.5 |
        Bailey |    926 |    926 |      0 |    706 |     71 |   1 |  926.0 |
      Ice Cave |   1252 |   1252 |      0 |    477 |    497 |   1 | 1252.0 |
       Volcano |    865 |    865 |      0 |    246 |    453 |   1 |  865.0 |
               +--------+--------+--------+--------+--------+-----+--------+

Top non-repeatable levels by time:
  Lair:1: 2611 daAuts
Spider:1: 2102 daAuts
  Lair:6: 2012 daAuts
    D:15: 2000 daAuts
     D:9: 1901 daAuts
    D:14: 1823 daAuts
   Orc:2: 1739 daAuts
Spider:2: 1678 daAuts
  Lair:5: 1676 daAuts
     D:5: 1657 daAuts
     D:3: 1547 daAuts
    D:12: 1463 daAuts
  Lair:2: 1366 daAuts
     D:6: 1360 daAuts
  Lair:4: 1320 daAuts
